 Dungeon Crawl Stone Soup version 0.32-a0-953-g508020473e (webtiles) character file.

Game seed: 12686123662815975600

1396 bananaken the Shooter (level 8, -1/64 HPs)
             Began as a Coglin Hunter on Apr 17, 2024.
             Was a Follower of Cheibriados.
             Succumbed to a kobold brigand's poison
             ... on level 6 of the Dungeon.
             The game lasted 00:10:07 (4052 turns).

bananaken the Shooter (Coglin Hunter)               Turns: 4052, Time: 00:10:07

Health: -1/64      AC: 13    Str: 17    XL:     8   Next: 68%
Magic:  7/8        EV:  7    Int: 11    God:    Cheibriados [*.....]
Gold:   182        SH:  0    Dex: 20    Spells: 7/7 levels left

rFire   . . .        a - +4 sling (drain) {Minjun}
rCold   . . .        d - +0 sling {Katrin}
rNeg    . . .        h - +0 chain mail
rPois   .            (no helmet)
rElec   .            f - +0 cloak
rCorr   .            k - +0 pair of gloves
SInv    .            (no boots)
Will    .....        (amulet unavailable) Stlth
                     (ring unavailable)
HPRegen 0.30/turn    (ring unavailable)
MPRegen 0.11/turn    (no gizmo)

%: no passive effects
@: lethally poisoned (-1 -> -8), weak-willed, enlightened, flying, studying
Stealth, revving, very slow
A: off-hand wielding, slow wielding, warmup strikes, no jewellery, iridescent
scales 1, strong 1, subdued magic 1
a: Invent Gizmo, Renounce Religion, Bend Time


You were on level 6 of the Dungeon.
You worshipped Cheibriados.
Cheibriados was aware of your devotion.
You visited 2 branches of the dungeon, and saw 7 of its levels.

You collected 182 gold pieces.

Inventory:

Hand Weapons
 a - a +4 sling of draining (weapon) {Minjun}
 d - a +0 sling (offhand) {Katrin}
Armour
 c - a +0 leather armour
 f - a +0 cloak (worn)
 h - a +0 chain mail (worn)
 k - a +0 pair of gloves (worn)
Talismans
 i - a dragon-blood talisman
Wands
 r - a wand of polymorph (13)
Scrolls
 g - a scroll of identify
 m - a scroll of enchant armour


   Skills:
 + Level 6.0 Fighting
 + Level 6.6 Ranged Weapons
 - Level 4.0 Armour
 - Level 2.1 Dodging
 + Level 3.0 Stealth
 + Level 1.1 Invocations
 + Level 2.0 Evocations


You had 7 spell levels left.
You didn't know any spells.
Your spell library contained the following spells:

 Spells                   Type           Power      Damage    Failure   Level
 Sandblast                Erth           0%         2d4       97%         1
 Call Imp                 Summ           0%         N/A       99%         2
 Sublimation of Blood     Necr           0%         N/A       99%         2
 Frozen Ramparts          Ice            0%         1d1       100%        3
 Ozocubu's Armour         Ice            0%         N/A       100%        3
 Passwall                 Erth           0%         N/A       100%        3
 Stone Arrow              Conj/Erth      0%         3d7       100%        3
 Metabolic Englaciation   Hex/Ice        0%         N/A       100%        5
 Summon Hydra             Summ           0%         N/A       100%        7


Dungeon Overview and Level Annotations

Branches:
Dungeon (6/15)             Temple (1/1) D:4

Altars:
Cheibriados
Dithmenos
Elyvilon
Fedhas
Gozag
Hepliaklqana
Kikubaaqudgha
Makhleb
Nemelex Xobeh
Qazlal
Sif Muna
Trog
Uskayaw
Wu Jian
Xom
Yredelemnul
The Shining One

Annotations:
D:3 1 runed translucent door, 2 transporters
D:6 Prince Ribbit


Innate Abilities, Weirdness & Mutations

You can wield a second weapon in your off-hand.
It takes a long time for you to wield or remove held weapons.
Your first few attacks do less damage.
You cannot equip rings or amulets.
You are partially covered in iridescent scales. (AC +2)
Your muscles are strong. (Str +4, Int/Dex -1)
Your spells are a little easier to cast, but a little less powerful.


Message History

The kobold's inner flame fades away.
The kobold brigand hits you with a +0 short sword.
* * * LOW HITPOINT WARNING * * *
Unknown command.
You shoot a sling bullet.
The sling bullet closely misses the kobold brigand.
The sling bullet hits the kobold.
You kill the kobold!
Cheibriados appreciates the change of pace.
You shoot a sling bullet.
The sling bullet barely misses the kobold brigand.
The sling bullet hits the kobold.
You kill the kobold!
Cheibriados appreciates the change of pace.
* * * LOW HITPOINT WARNING * * *
You feel very sick.
The centaur's inner flame fades away.
The kobold brigand barely misses you.
An orc wizard comes into view. It is wielding a +0 dagger.
The kobold brigand hits you with a +0 short sword.
* * * LOW HITPOINT WARNING * * *
Unknown command.
As you read the scroll of butterflies, it crumbles to dust.
You hear the flapping of tiny wings.
The kobold is knocked back by the sudden gust.
The centaur is knocked back by the sudden gust.
The kobold brigand is knocked back by the sudden gust.
* * * LOW HITPOINT WARNING * * *
You feel sick.
The orc wizard shouts!
The centaur is no longer moving slowly.
The orc wizard closely misses your butterfly.
The orc hits your butterfly with a +0 hand axe.
Your butterfly dies!
Your butterfly disappears in a burst of colours!
The orc barely misses your butterfly.
Unknown command.
You feel very buoyant.
You fly up into the air.
You die...
Cheibriados appreciates the motionlessness of death.

[.. ##.# .##.. ..# ....
#.# ##.. #.## ###...
#..#######.....
##b..........c.#
..o#######bbc....########
...bo.bb@bbKK............
...######################


You could see a kobold brigand (ally target), a centaur, an orc wizard (ally
target), an orc (ally target) and a kobold (ally target).

Vanquished Creatures
  Sigmund (D:5)
  A water moccasin (D:6)
  A black bear (D:4)
  The ghost of terelglass the Conjurer, an amateur DgCj (D:3)
  A centaur (D:5)
  2 bullfrogs
  3 scorpions (D:5)
  2 howler monkeys
  A bombardier beetle (D:4)
  A jelly (D:6)
  An orc priest (D:3)
  A sleepcap (D:5)
  Natasha (thrice) (D:3)
  3 iguanas (D:5)
  13 adders
  A shadow imp (D:5)
  A dart slug (D:4)
  2 ribbon worms
  9 orcs
  8 endoplasms
  3 giant cockroaches
  5 goblins
  9 hobgoblins
  17 jackals
  7 kobolds
  4 quokkas
  7 bats
  A frilled lizard (D:3)
  10 rats
119 creatures vanquished.

Notes
Turn   | Place    | Note
-------+----------+-------------------------------------------
     0 | D:1      | bananaken the Coglin Hunter began the quest for the Orb.
     0 | D:1      | Reached XP level 1. HP: 16/16 MP: 1/1
    32 | D:1      | Found a faded altar of an unknown god.
    92 | D:1      | Reached skill level 1 in Stealth
   150 | D:1      | Reached XP level 2. HP: 22/22 MP: 2/2
  1013 | D:2      | Reached XP level 3. HP: 28/28 MP: 3/3
  1257 | D:2      | Reached XP level 4. HP: 34/34 MP: 4/4
  1307 | D:2      | Reached skill level 1 in Armour
  1355 | D:2      | Found a bloodstained altar of Trog.
  1714 | D:3      | Noticed terelglass's ghost (amateur DgCj)
  1714 | D:3      | Found a runed translucent door.
  1761 | D:3      | Found a transporter.
  1765 | D:3      | Noticed a kobold demonologist
  1779 | D:3      | Found a transporter.
  1801 | D:3      | Noticed Natasha
  1808 | D:3      | Killed Natasha
  1809 | D:3      | Reached XP level 5. HP: 38/41 MP: 5/5
  1901 | D:3      | Found a runed translucent door.
  2302 | D:3      | Noticed Natasha
  2308 | D:3      | Killed Natasha
  2420 | D:3      | Noticed Natasha
  2423 | D:3      | Killed Natasha
  2424 | D:3      | Reached XP level 6. HP: 48/48 MP: 6/6
  2467 | D:4      | Noticed a black bear
  2490 | D:5      | Entered Level 5 of the Dungeon
  2638 | D:5      | Reached skill level 5 in Ranged Weapons
  2638 | D:5      | Reached XP level 7. HP: 49/54 MP: 7/7
  2799 | D:5      | Noticed Sigmund
  2808 | D:5      | Killed Sigmund
  2809 | D:5      | Reached skill level 5 in Fighting
  2922 | D:5      | Reached XP level 8. HP: 58/62 MP: 8/8
  3160 | D:4      | Found a staircase to the Ecumenical Temple.
  3175 | Temple   | Entered the Ecumenical Temple
  3223 | Temple   | Became a worshipper of Cheibriados the Contemplative
  3729 | D:3      | Gained mutation: Your spells are a little easier to cast,
                  | but a little less powerful. [potion of mutation]
  3729 | D:3      | Gained mutation: You are partially covered in iridescent
                  | scales. (AC +2) [potion of mutation]
  3729 | D:3      | Gained mutation: Your muscles are strong. (Str +4, Int/Dex
                  | -1) [potion of mutation]
  3736 | D:3      | Killed terelglass's ghost
  3737 | D:3      | Reached skill level 1 in Evocations
  4006 | D:6      | Noticed Prince Ribbit
  4017 | D:6      | Reached * piety under Cheibriados
  4018 | D:6      | Reached skill level 1 in Invocations
  4050 | D:6      | HP: 2/64 [kobold brigand/+0 short sword (4)]
  4052 | D:6      | Succumbed to a kobold brigand's poison

Illustrated notes

Levels and vault maps discovered:
D:1:      lightli_arrival_chessboard, layout_basic, basic_ecumenical_altar,
          chequers_serial_rivers_micro_c, chequers_serial_rivers_micro_a
D:2:      layout_basic, basic_altar
D:3:      gammafunk_wand_slinger, layout_basic, ebering_ghost_sewer_f,
          uniq_natasha
D:4:      layout_basic, minmay_temple_entry_ruins, minmay_manual_mail
D:5:      layout_rooms, minmay_misc_feat_alley, uniq_sigmund
D:6:      minmay_skewed_foursquare, layout_rooms, vehumet_statue,
          nicolae_ru_the_path_less_chosen, minmay_fire_ice_demons,
          uniq_prince_ribbit1
Temple:   minmay_crystal_spiral_temple

Skill      XL: |  1  2  3  4  5  6  7  8 |
---------------+-------------------------+-----
Stealth        | 1 2 3 |  3.0
Dodging        | 2 |  2.1
Ranged Weapons | 4 5 6 |  6.6
Armour         | 1 2 3 4 |  4.0
Fighting       | 3 4 5 6 |  6.0
Evocations     | 2 |  2.0
Invocations    | 1 |  1.1

Action                     |  1- 3 |  4- 6 |  7- 9 || total
---------------------------+-------+-------+-------++-------
   Fire: Sling             |   134 |   210 |   218 ||   562
 Invoke: Bend Time         |       |       |     1 ||     1
    Use: Scroll            |     1 |     5 |     8 ||    14
         Potion            |       |     1 |     7 ||     8
 Armour: Leather armour    |     6 |       |       ||     6
         Chain mail        |    13 |    89 |    78 ||   180
         Skin              |       |       |     6 ||     6
  Dodge: Dodged            |    14 |    19 |    38 ||    71

Table legend: (Time is in decaauts)
 A = Elapsed time spent in this place.
 B = Non-inter-level travel time spent in this place.
 C = Inter-level travel time spent in this place.
 D = Time resting spent in this place.
 E = Time spent auto-exploring this place.
 F = Levels seen in this place.
 G = Mean time per level.
                   A        B        C        D        E       F      G
               +--------+--------+--------+--------+--------+-----+--------+
         Total |   4381 |   4162 |    219 |    262 |   3151 |   7 |  625.9 |
       Dungeon |   4271 |   4159 |    112 |    262 |   3151 |   6 |  711.8 |
        Temple |    109 |      3 |    106 |      0 |      0 |   1 |  109.0 |
               +--------+--------+--------+--------+--------+-----+--------+

Top non-repeatable levels by time:
     D:1: 1025 daAuts
     D:3: 1017 daAuts
     D:2: 741 daAuts
     D:4: 687 daAuts
     D:5: 663 daAuts
     D:6: 136 daAuts
  Temple: 109 daAuts
